Devils vs Sabres

Created - 18 décembre 2020 at 20:23

Goals
1 2 3 OT1 T
Devils 1 0 1 1 3
Sabres 1 0 1 0 2
Shots
1 2 3 OT1 T
Devils 10 7 7 2 26
Sabres 10 18 8 0 36

1st period

1. Devils , T.J. Oshie 6 (Evgeni Malkin 13) at 8:35 (PP)
2. Sabres , Leon Draisaitl 12 (Ryan Nugent-Hopkins 19, Rasmus Ristolainen 17) at 11:35 (PP)

Penalties :
Damon Severson (NJD) for Interference (Minor) at 3:30, Elias Lindholm (BUF) for Roughing (Minor) at 6:40, Mike Hoffman (NJD) for Holding (Minor) at 11:07, Chris Kreider (NJD) for Charging (Minor) at 15:18

2nd period

No Goal

Penalties :
Chris Kreider (NJD) for Holding (Minor) at 1:14, Evgeni Malkin (NJD) for Cross-checking (Minor) at 7:38, Justin Schultz (NJD) for Hooking (Minor) at 14:17

3rd period

3. Devils , Evgeni Malkin 7 (T.J. Oshie 11, Cale Makar 12) at 8:56
4. Sabres , Jonathan Drouin 1 (Kris Letang 17, Rasmus Ristolainen 18) at 13:49

Penalties :
No Penalty

Overtime #1

5. Devils , Nicklas Backstrom 5 (Evgeni Malkin 14, Ryan Suter 14) at 0:33

Penalties :
No Penalty

Goalie Stats

Marc-Andre Fleury (NJD), 34 saves from 36 shots - (0,944), W, 5-11-2, 60:34 minutes
Matt Murray (BUF), 23 saves from 26 shots - (0,885), OTL, 16-5-4, 60:34 minutes

Players Stats for Devils

Player Name              G  A  P  +/- PIM S  H  SB GA TA FO     MP     PP MP  PK MP  
------------------------------------------------------------------------------------
Brian Boyle              0  0  0  -1  0   0  0  0  0  0  8/11    8:51   0:00   2:41 
Cale Makar               0  1  1   1  0   2  0  5  0  0  0/0    21:54   1:01   5:24 
Chris Kreider            0  0  0   1  4   2  4  0  0  0  0/6    19:42   0:54   2:07 
Damon Severson           0  0  0  -1  2   0  4  1  0  0  0/0    24:54   0:54   3:31 
Evgeni Malkin            1  2  3   2  2   3  2  0  0  0  18/31  23:20   0:54   5:10 
Justin Schultz           0  0  0   0  2   1  0  0  0  0  0/0    12:58   0:00   0:15 
Mathieu Joseph           0  0  0  -1  0   1  0  1  0  0  0/1     6:10   0:00   0:00 
Mike Hoffman             0  0  0   0  2   2  1  0  0  0  1/1    14:28   1:01   0:00 
Mikhail Sergachev        0  0  0   1  0   1  1  0  0  0  0/0    21:43   1:01   5:13 
Nicklas Backstrom        1  0  1   1  0   4  1  0  0  0  10/16  21:44   1:01   6:41 
Niklas Hjalmarsson       0  0  0   0  0   1  2  1  0  0  0/0    13:06   0:00   1:23 
Rocco Grimaldi           0  0  0  -1  0   2  1  0  0  0  0/1     6:10   0:00   0:00 
Ryan Suter               0  1  1   0  0   0  0  2  0  0  0/0    25:57   0:54   5:00 
Sam Reinhart             0  0  0   0  0   1  1  0  0  0  0/0    12:12   0:00   0:51 
T.J. Oshie               1  1  2   1  0   2  1  1  0  0  1/2    20:53   0:54   3:16 
Travis Konecny           0  0  0   0  0   1  0  0  0  0  1/2    14:29   1:01   0:00 
Tyler Bozak              0  0  0   0  0   1  0  0  0  0  6/11   11:21   0:00   0:00 
Zack Smith               0  0  0   0  0   2  3  0  0  0  0/0    11:21   0:00   0:00 

Players Stats for Sabres

Player Name              G  A  P  +/- PIM S  H  SB GA TA FO     MP     PP MP  PK MP  
------------------------------------------------------------------------------------
Adam Pelech              0  0  0  -1  0   0  1  0  0  0  0/0    13:28   0:00   0:00 
Dmitry Orlov             0  0  0   0  0   1  2  3  0  0  0/0    18:26   0:35   0:58 
Elias Lindholm           0  0  0   0  2   6  5  1  0  0  3/3    22:17   4:55   0:00 
Erik Gustafsson          0  0  0  -1  0   2  0  1  0  0  0/0    18:06   4:33   0:58 
Jimmy Vesey              0  0  0   0  0   0  0  0  0  0  0/0     5:15   0:00   0:00 
Jonathan Drouin          1  0  1   1  0   3  0  0  0  0  0/1    10:31   0:13   0:06 
Kevin Fiala              0  0  0  -1  0   4  0  0  0  0  1/3    19:32   4:40   0:00 
Kris Letang              0  1  1   1  0   2  0  4  0  0  0/0    25:01   5:50   0:57 
Lars Eller               0  0  0   1  0   2  1  0  0  0  0/8    11:45   0:35   0:58 
Leon Draisaitl           1  0  1  -1  0   3  0  0  0  0  19/34  24:25   5:30   0:58 
Luke Glendening          0  0  0  -1  0   2  1  0  0  0  1/4    15:49   0:00   0:57 
Michael Grabner          0  0  0   0  0   2  0  0  0  0  0/0     5:15   0:00   0:00 
Nic Dowd                 0  0  0   0  0   0  2  0  0  0  3/6     6:06   0:00   0:51 
Nikolaj Ehlers           0  0  0   1  0   1  0  0  0  0  0/1    15:05   4:53   0:00 
Rasmus Dahlin            0  0  0   0  0   2  3  0  0  0  0/0    20:33   4:33   0:00 
Rasmus Ristolainen       0  2  2   0  0   0  4  0  0  0  0/0    25:00   5:15   0:57 
Ryan Nugent-Hopkins      0  1  1  -1  0   3  1  0  0  0  1/2    23:27   5:30   0:00 
Tyler Seguin             0  0  0  -1  0   3  2  0  0  0  9/20   19:45   4:53   0:00 

3 Stars

1 - Evgeni Malkin (NJD)
2 - T.J. Oshie (NJD)
3 - Marc-Andre Fleury (NJD)

Power Play

Devils - 1 on 1 Attempt(s) - 100,00%
Sabres - 1 on 6 Attempt(s) - 16,67%

Penalty Kill

Devils - 5 on 6 Attempt(s) - 83,33% - Score 0 goal in Penalty Kill
Sabres - 0 on 1 Attempt(s) - 0,00% - Score 0 goal in Penalty Kill

Team Stat

Devils - Hits : 21 - Faceoff Wins : 45 - Blocked Shots : 11 - Penalty Minutes : 12
Sabres - Hits : 22 - Faceoff Wins : 37 - Blocked Shots : 9 - Penalty Minutes : 2

Official

Referees : Stephen Hiff and Justin St. Pierre
Linesman : Derek Amell and David Brisebois

Game Notes

No Game Note

Finance

Level 1 -- Attendance: 6172 (94,95%) -- Ticket Income 802 360 $
Level 2 -- Attendance: 5000 (100,00%) -- Ticket Income 400 000 $
Level 3 -- Attendance: 3500 (100,00%) -- Ticket Income 210 000 $
Level 4 -- Attendance: 2999 (97,69%) -- Ticket Income 89 970 $
Luxury Box -- Attendance: 979 (97,90%) -- Ticket Income 225 170 $
Game was played at the Buffalo Pete Center.
Total Attendance: 18650 (97,80%)
Total Ticket Income: 1 727 500 $
Other Income: 846 475 $
Total Income: 2 573 975 $

% Time on Ice - Devils

Lines # - Real PCT - Wanted PCT - Time Play
Normal Forward
1 - 35% - 40% - 16:43
2 - 28% - 30% - 13:28
3 - 24% - 20% - 11:21
4 - 13% - 10% - 6:10
Normal Defense
1 - 39% - 40% - 18:32
2 - 32% - 30% - 15:29
3 - 25% - 20% - 11:43
4 - 4% - 10% - 1:58
PP Forward
1 - 47% - 60% - 0:54
2 - 53% - 40% - 1:01
PP Defense
1 - 47% - 60% - 0:54
2 - 53% - 40% - 1:01
PK Forward
1 - 69% - 60% - 7:07
2 - 31% - 40% - 3:16
PK Defense
1 - 50% - 60% - 5:10
2 - 50% - 40% - 5:13
PK3 Forward
1 - 0% - 60%
2 - 0% - 40%
PK3 Defense
1 - 0% - 60%
2 - 0% - 40%
44 Forward
1 - 0% - 60%
2 - 0% - 40%
44 Defense
1 - 0% - 60%
2 - 0% - 40%
Last Minute Offensive  - 0:00
Last Minute Defensive  - 0:00
Total
Forward - 60:00
Defense - 60:00

% Time on Ice - Sabres

Lines # - Real PCT - Wanted PCT - Time Play
Normal Forward
1 - 36% - 40% - 17:23
2 - 31% - 33% - 14:52
3 - 21% - 22% - 10:12
4 - 11% - 5% - 5:15
Normal Defense
1 - 38% - 40% - 18:14
2 - 34% - 30% - 16:00
3 - 28% - 25% - 13:28
4 - 0% - 5% - 0:00
PP Forward
1 - 53% - 60% - 5:30
2 - 47% - 40% - 4:53
PP Defense
1 - 56% - 60% - 5:50
2 - 44% - 40% - 4:33
PK Forward
1 - 50% - 60% - 0:57
2 - 50% - 40% - 0:58
PK Defense
1 - 50% - 60% - 0:57
2 - 50% - 40% - 0:58
PK3 Forward
1 - 0% - 60%
2 - 0% - 40%
PK3 Defense
1 - 0% - 60%
2 - 0% - 40%
44 Forward
1 - 0% - 60%
2 - 0% - 40%
44 Defense
1 - 0% - 60%
2 - 0% - 40%
Last Minute Offensive  - 0:00
Last Minute Defensive  - 0:00
Total
Forward - 60:00
Defense - 60:00

Play-by-Play

1st period


0:01 of 1st period - Leon Draisaitl wins face-off versus Evgeni Malkin in neutral zone.
0:44 of 1st period - Shot by Ryan Nugent-Hopkins.
0:44 of 1st period - Shot Blocked by Damon Severson.
1:19 of 1st period - Shot by Mike Hoffman.
1:19 of 1st period - Shot Misses the Net.
1:21 of 1st period - Shot by Mike Hoffman.
1:21 of 1st period - Stopped by Matt Murray with a rebound.
1:31 of 1st period - Shot by Mike Hoffman.
1:31 of 1st period - Shot Blocked by Dmitry Orlov.
2:38 of 1st period - Shot by Rocco Grimaldi.
2:38 of 1st period - Stopped by Matt Murray without a rebound.
2:39 of 1st period - Brian Boyle wins face-off versus Leon Draisaitl in Sabres zone.
2:42 of 1st period - Shot by Rocco Grimaldi.
2:42 of 1st period - Stopped by Matt Murray without a rebound.
2:43 of 1st period - Leon Draisaitl wins face-off versus Evgeni Malkin in Sabres zone.
2:43 of 1st period - Leon Draisaitl is hit by Chris Kreider.
3:30 of 1st period - Minor Penalty to Damon Severson for Interference.
3:31 of 1st period - Evgeni Malkin wins face-off versus Tyler Seguin in Devils zone.
3:31 of 1st period - Evgeni Malkin is hit by Tyler Seguin.
4:08 of 1st period - Shot by Rasmus Dahlin.
4:08 of 1st period - Stopped by Marc-Andre Fleury without a rebound.
4:09 of 1st period - T.J. Oshie wins face-off versus Leon Draisaitl in Devils zone.
4:09 of 1st period - T.J. Oshie is hit by Elias Lindholm.
5:40 of 1st period - Dmitry Orlov is hit by Zack Smith and loses puck.
6:38 of 1st period - Shot by Lars Eller.
6:38 of 1st period - Stopped by Marc-Andre Fleury without a rebound.
6:39 of 1st period - Brian Boyle wins face-off versus Leon Draisaitl in Devils zone.
6:39 of 1st period - Brian Boyle is hit by Ryan Nugent-Hopkins.
6:40 of 1st period - Minor Penalty to Elias Lindholm for Roughing.
6:41 of 1st period - Travis Konecny wins face-off versus Luke Glendening in Sabres zone.
6:42 of 1st period - Shot by Cale Makar.
6:42 of 1st period - Stopped by Matt Murray with a rebound.
8:17 of 1st period - Shot by Cale Makar.
8:17 of 1st period - Stopped by Matt Murray without a rebound.
8:18 of 1st period - Mike Hoffman wins face-off versus Luke Glendening in Sabres zone.
8:21 of 1st period - Shot by Cale Makar.
8:21 of 1st period - Shot Blocked by Kris Letang.
8:23 of 1st period - Shot by Cale Makar.
8:23 of 1st period - Shot Misses the Net.
8:25 of 1st period - Shot by Mikhail Sergachev.
8:25 of 1st period - Stopped by Matt Murray without a rebound.
8:26 of 1st period - Evgeni Malkin wins face-off versus Luke Glendening in Sabres zone.
8:35 of 1st period - Shot by T.J. Oshie.
8:35 of 1st period - Goal by T.J. Oshie - Devils : 1 - Sabres : 0.
8:36 of 1st period - Brian Boyle wins face-off versus Kevin Fiala in neutral zone.
8:41 of 1st period - Shot by Rocco Grimaldi.
8:41 of 1st period - Shot Blocked by Kris Letang.
8:55 of 1st period - Shot by Kevin Fiala.
8:55 of 1st period - Stopped by Marc-Andre Fleury with a rebound.
9:07 of 1st period - Shot by Tyler Seguin.
9:07 of 1st period - Stopped by Marc-Andre Fleury without a rebound.
9:08 of 1st period - Evgeni Malkin wins face-off versus Leon Draisaitl in Devils zone.
10:15 of 1st period - Lars Eller is hit by Damon Severson and loses puck.
10:20 of 1st period - Shot by Jonathan Drouin.
10:20 of 1st period - Deflect By Nikolaj Ehlers.
10:20 of 1st period - Shot Misses the Net.
10:22 of 1st period - Shot by Nikolaj Ehlers.
10:22 of 1st period - Stopped by Marc-Andre Fleury without a rebound.
10:23 of 1st period - Tyler Seguin wins face-off versus Tyler Bozak in Devils zone.
10:26 of 1st period - Shot by Kevin Fiala.
10:26 of 1st period - Stopped by Marc-Andre Fleury without a rebound.
10:27 of 1st period - Tyler Bozak wins face-off versus Tyler Seguin in Devils zone.
10:56 of 1st period - Off-side.
10:57 of 1st period - Nicklas Backstrom wins face-off versus Lars Eller in neutral zone.
11:07 of 1st period - Minor Penalty to Mike Hoffman for Holding.
11:08 of 1st period - Evgeni Malkin wins face-off versus Leon Draisaitl in Devils zone.
11:25 of 1st period - Shot by Rasmus Ristolainen.
11:25 of 1st period - Shot Misses the Net.
11:27 of 1st period - Shot by Kris Letang.
11:27 of 1st period - Shot Blocked by Cale Makar.
11:33 of 1st period - Shot by Leon Draisaitl.
11:33 of 1st period - Deflect By Ryan Nugent-Hopkins.
11:33 of 1st period - Shot Blocked by Cale Makar.
11:35 of 1st period - Shot by Leon Draisaitl.
11:35 of 1st period - Goal by Leon Draisaitl - Devils : 1 - Sabres : 1.
11:36 of 1st period - Luke Glendening wins face-off versus Rocco Grimaldi in neutral zone.
11:38 of 1st period - Off-side.
11:39 of 1st period - Brian Boyle wins face-off versus Tyler Seguin in neutral zone.
11:39 of 1st period - Brian Boyle is hit by Luke Glendening.
12:25 of 1st period - Icing by Luke Glendening.
12:26 of 1st period - Tyler Seguin wins face-off versus Chris Kreider in Sabres zone.
12:26 of 1st period - Tyler Seguin is hit by Chris Kreider.
13:24 of 1st period - Travis Konecny is hit by Rasmus Dahlin and loses puck.
13:33 of 1st period - Shot by Niklas Hjalmarsson.
13:33 of 1st period - Stopped by Matt Murray with a rebound.
13:39 of 1st period - Shot by Travis Konecny.
13:39 of 1st period - Stopped by Matt Murray without a rebound.
13:40 of 1st period - Leon Draisaitl wins face-off versus Tyler Bozak in Sabres zone.
13:57 of 1st period - Shot by Tyler Bozak.
13:57 of 1st period - Shot Misses the Net.
14:23 of 1st period - Shot by Ryan Nugent-Hopkins.
14:23 of 1st period - Stopped by Marc-Andre Fleury with a rebound.
14:54 of 1st period - Shot by Lars Eller.
14:54 of 1st period - Shot Blocked by Cale Makar.
15:02 of 1st period - Shot by Mike Hoffman.
15:02 of 1st period - Stopped by Matt Murray without a rebound.
15:03 of 1st period - Nic Dowd wins face-off versus Evgeni Malkin in Sabres zone.
15:03 of 1st period - Nic Dowd is hit by Chris Kreider.
15:09 of 1st period - T.J. Oshie is hit by Nic Dowd.
15:18 of 1st period - Minor Penalty to Chris Kreider for Charging.
15:19 of 1st period - Evgeni Malkin wins face-off versus Leon Draisaitl in Devils zone.
15:48 of 1st period - Shot by Kris Letang.
15:48 of 1st period - Shot Misses the Net.
15:50 of 1st period - Shot by Rasmus Ristolainen.
15:50 of 1st period - Deflect By Leon Draisaitl.
15:50 of 1st period - Shot Misses the Net.
16:15 of 1st period - Off-side.
16:16 of 1st period - Evgeni Malkin wins face-off versus Leon Draisaitl in neutral zone.
16:39 of 1st period - Shot by Elias Lindholm.
16:39 of 1st period - Stopped by Marc-Andre Fleury without a rebound.
16:40 of 1st period - Nicklas Backstrom wins face-off versus Tyler Seguin in Devils zone.
16:40 of 1st period - Nicklas Backstrom is hit by Tyler Seguin.
16:49 of 1st period - Icing by Rasmus Ristolainen.
16:50 of 1st period - Evgeni Malkin wins face-off versus Tyler Seguin in Sabres zone.
16:55 of 1st period - Shot by Evgeni Malkin.
16:55 of 1st period - Shot Blocked by Kris Letang.
17:30 of 1st period - Shot by Michael Grabner.
17:30 of 1st period - Shot Misses the Net.
17:38 of 1st period - Icing by Niklas Hjalmarsson.
17:39 of 1st period - Leon Draisaitl wins face-off versus Tyler Bozak in Devils zone.
18:04 of 1st period - Shot by Leon Draisaitl.
18:04 of 1st period - Shot Misses the Net.
18:06 of 1st period - Shot by Dmitry Orlov.
18:06 of 1st period - Stopped by Marc-Andre Fleury without a rebound.
18:07 of 1st period - Nicklas Backstrom wins face-off versus Lars Eller in Devils zone.
18:59 of 1st period - Shot by Ryan Nugent-Hopkins.
18:59 of 1st period - Shot Misses the Net.
Goals for this period are 1 for Devils vs 1 for Sabres.
Shots for this period are 10 for Devils vs 10 for Sabres.

2nd period


0:01 of 2nd period - Leon Draisaitl wins face-off versus Chris Kreider in neutral zone.
0:10 of 2nd period - Kris Letang is hit by Evgeni Malkin and loses puck.
0:28 of 2nd period - Shot by T.J. Oshie.
0:28 of 2nd period - Stopped by Matt Murray without a rebound.
0:29 of 2nd period - Nicklas Backstrom wins face-off versus Tyler Seguin in Sabres zone.
0:59 of 2nd period - Icing by Rasmus Dahlin.
1:00 of 2nd period - Evgeni Malkin wins face-off versus Tyler Seguin in Sabres zone.
1:05 of 2nd period - Shot by T.J. Oshie.
1:05 of 2nd period - Deflect By Evgeni Malkin.
1:05 of 2nd period - Stopped by Matt Murray without a rebound.
1:06 of 2nd period - Leon Draisaitl wins face-off versus Evgeni Malkin in Sabres zone.
1:14 of 2nd period - Minor Penalty to Chris Kreider for Holding.
1:15 of 2nd period - Leon Draisaitl wins face-off versus Evgeni Malkin in Devils zone.
1:22 of 2nd period - Shot by Rasmus Ristolainen.
1:22 of 2nd period - Shot Misses the Net.
1:24 of 2nd period - Shot by Elias Lindholm.
1:24 of 2nd period - Stopped by Marc-Andre Fleury without a rebound.
1:25 of 2nd period - Evgeni Malkin wins face-off versus Leon Draisaitl in Devils zone.
1:40 of 2nd period - Shot by Ryan Nugent-Hopkins.
1:40 of 2nd period - Stopped by Marc-Andre Fleury without a rebound.
1:41 of 2nd period - Tyler Seguin wins face-off versus Evgeni Malkin in Devils zone.
2:49 of 2nd period - Shot by Kris Letang.
2:49 of 2nd period - Shot Misses the Net.
2:51 of 2nd period - Shot by Rasmus Ristolainen.
2:51 of 2nd period - Shot Blocked by Cale Makar.
2:57 of 2nd period - Shot by Leon Draisaitl.
2:57 of 2nd period - Stopped by Marc-Andre Fleury with a rebound.
2:59 of 2nd period - Shot by Elias Lindholm.
2:59 of 2nd period - Shot Misses the Net.
3:01 of 2nd period - Shot by Kris Letang.
3:01 of 2nd period - Shot Hit the Post.
3:03 of 2nd period - Shot by Rasmus Ristolainen.
3:03 of 2nd period - Shot Misses the Net.
3:05 of 2nd period - Shot by Kris Letang.
3:05 of 2nd period - Shot Misses the Net.
3:07 of 2nd period - Shot by Rasmus Ristolainen.
3:07 of 2nd period - Shot Misses the Net.
3:29 of 2nd period - Shot by Tyler Bozak.
3:29 of 2nd period - Shot Misses the Net.
3:40 of 2nd period - Erik Gustafsson is hit by Sam Reinhart and loses puck.
4:11 of 2nd period - Shot by Travis Konecny.
4:11 of 2nd period - Shot Misses the Net.
5:04 of 2nd period - Shot by T.J. Oshie.
5:04 of 2nd period - Shot Blocked by Kris Letang.
5:20 of 2nd period - Evgeni Malkin is hit by Elias Lindholm and loses puck.
5:29 of 2nd period - Shot by Ryan Nugent-Hopkins.
5:29 of 2nd period - Deflect By Elias Lindholm.
5:29 of 2nd period - Stopped by Marc-Andre Fleury without a rebound.
5:30 of 2nd period - Nic Dowd wins face-off versus Brian Boyle in Devils zone.
5:30 of 2nd period - Dmitry Orlov is hit by Niklas Hjalmarsson and loses puck.
5:33 of 2nd period - Shot by Nic Dowd.
5:33 of 2nd period - Shot Misses the Net.
5:56 of 2nd period - Nic Dowd is hit by Niklas Hjalmarsson and loses puck.
6:43 of 2nd period - Shot by Tyler Bozak.
6:43 of 2nd period - Shot Blocked by Erik Gustafsson.
6:45 of 2nd period - Shot by Damon Severson.
6:45 of 2nd period - Shot Blocked by Elias Lindholm.
6:47 of 2nd period - Shot by Zack Smith.
6:47 of 2nd period - Stopped by Matt Murray with a rebound.
7:15 of 2nd period - Shot by Tyler Seguin.
7:15 of 2nd period - Shot Misses the Net.
7:33 of 2nd period - Shot by Chris Kreider.
7:33 of 2nd period - Stopped by Matt Murray with a rebound.
7:38 of 2nd period - Minor Penalty to Evgeni Malkin for Cross-checking.
7:39 of 2nd period - Leon Draisaitl wins face-off versus Brian Boyle in Devils zone.
7:56 of 2nd period - Shot by Elias Lindholm.
7:56 of 2nd period - Shot Misses the Net.
7:58 of 2nd period - Shot by Rasmus Dahlin.
7:58 of 2nd period - Shot Misses the Net.
9:36 of 2nd period - Shot by Rasmus Dahlin.
9:36 of 2nd period - Shot Misses the Net.
9:38 of 2nd period - Shot by Jonathan Drouin.
9:38 of 2nd period - Shot Blocked by Mathieu Joseph.
9:53 of 2nd period - Icing by Justin Schultz.
9:54 of 2nd period - Brian Boyle wins face-off versus Lars Eller in Devils zone.
9:58 of 2nd period - Justin Schultz is hit by Lars Eller and loses puck.
10:02 of 2nd period - Niklas Hjalmarsson is hit by Adam Pelech and loses puck.
10:08 of 2nd period - Shot by Mathieu Joseph.
10:08 of 2nd period - Stopped by Matt Murray with a rebound.
10:25 of 2nd period - Lars Eller is hit by T.J. Oshie.
10:26 of 2nd period - Off-side.
10:27 of 2nd period - Tyler Bozak wins face-off versus Nic Dowd in neutral zone.
10:29 of 2nd period - Ryan Suter is hit by Nic Dowd and loses puck.
10:41 of 2nd period - Icing by Ryan Suter.
10:42 of 2nd period - Tyler Bozak wins face-off versus Tyler Seguin in Devils zone.
10:47 of 2nd period - Off-side.
10:48 of 2nd period - Evgeni Malkin wins face-off versus Leon Draisaitl in neutral zone.
10:48 of 2nd period - Chris Kreider is hit by Elias Lindholm and loses puck.
11:21 of 2nd period - T.J. Oshie is hit by Rasmus Ristolainen and loses puck.
11:35 of 2nd period - Icing by Rasmus Ristolainen.
11:36 of 2nd period - Leon Draisaitl wins face-off versus Travis Konecny in Sabres zone.
12:09 of 2nd period - Icing by Kris Letang.
12:10 of 2nd period - Leon Draisaitl wins face-off versus Tyler Bozak in Sabres zone.
12:15 of 2nd period - Justin Schultz is hit by Elias Lindholm and loses puck.
12:21 of 2nd period - Niklas Hjalmarsson is hit by Elias Lindholm and loses puck.
12:29 of 2nd period - Niklas Hjalmarsson is hit by Rasmus Ristolainen and loses puck.
14:01 of 2nd period - Shot by Lars Eller.
14:01 of 2nd period - Stopped by Marc-Andre Fleury without a rebound.
14:02 of 2nd period - Nic Dowd wins face-off versus Mathieu Joseph in Devils zone.
14:03 of 2nd period - Shot by Michael Grabner.
14:03 of 2nd period - Stopped by Marc-Andre Fleury with a rebound.
14:16 of 2nd period - Shot by Michael Grabner.
14:16 of 2nd period - Shot Blocked by Niklas Hjalmarsson.
14:17 of 2nd period - Minor Penalty to Justin Schultz for Hooking.
14:18 of 2nd period - Evgeni Malkin wins face-off versus Tyler Seguin in Devils zone.
14:31 of 2nd period - Shot by Erik Gustafsson.
14:31 of 2nd period - Stopped by Marc-Andre Fleury without a rebound.
14:32 of 2nd period - Leon Draisaitl wins face-off versus Evgeni Malkin in Devils zone.
14:33 of 2nd period - Shot by Ryan Nugent-Hopkins.
14:33 of 2nd period - Shot Blocked by Cale Makar.
14:41 of 2nd period - Shot by Elias Lindholm.
14:41 of 2nd period - Stopped by Marc-Andre Fleury without a rebound.
14:42 of 2nd period - Evgeni Malkin wins face-off versus Tyler Seguin in Devils zone.
15:26 of 2nd period - Rasmus Ristolainen is hit by Evgeni Malkin and loses puck.
15:45 of 2nd period - Shot by Kris Letang.
15:45 of 2nd period - Stopped by Marc-Andre Fleury without a rebound.
15:46 of 2nd period - Elias Lindholm wins face-off versus Chris Kreider in Devils zone.
15:53 of 2nd period - Shot by Kris Letang.
15:53 of 2nd period - Shot Misses the Net.
15:55 of 2nd period - Shot by Kris Letang.
15:55 of 2nd period - Stopped by Marc-Andre Fleury without a rebound.
15:56 of 2nd period - Tyler Seguin wins face-off versus Chris Kreider in Devils zone.
16:07 of 2nd period - Shot by Kris Letang.
16:07 of 2nd period - Shot Blocked by Ryan Suter.
16:09 of 2nd period - Shot by Tyler Seguin.
16:09 of 2nd period - Stopped by Marc-Andre Fleury without a rebound.
16:10 of 2nd period - Leon Draisaitl wins face-off versus Chris Kreider in Devils zone.
16:21 of 2nd period - Shot by Michael Grabner.
16:21 of 2nd period - Stopped by Marc-Andre Fleury with a rebound.
16:33 of 2nd period - Shot by Sam Reinhart.
16:33 of 2nd period - Stopped by Matt Murray without a rebound.
16:34 of 2nd period - Leon Draisaitl wins face-off versus Nicklas Backstrom in Sabres zone.
17:05 of 2nd period - Icing by Kris Letang.
17:06 of 2nd period - Evgeni Malkin wins face-off versus Leon Draisaitl in Sabres zone.
17:27 of 2nd period - Shot by Leon Draisaitl.
17:27 of 2nd period - Shot Misses the Net.
17:37 of 2nd period - Shot by Kevin Fiala.
17:37 of 2nd period - Shot Misses the Net.
17:49 of 2nd period - Shot by Luke Glendening.
17:49 of 2nd period - Shot Misses the Net.
18:03 of 2nd period - Shot by Kevin Fiala.
18:03 of 2nd period - Stopped by Marc-Andre Fleury with a rebound.
18:05 of 2nd period - Shot by Tyler Seguin.
18:05 of 2nd period - Shot Misses the Net.
18:07 of 2nd period - Shot by Rasmus Dahlin.
18:07 of 2nd period - Stopped by Marc-Andre Fleury with a rebound.
18:09 of 2nd period - Shot by Luke Glendening.
18:09 of 2nd period - Stopped by Marc-Andre Fleury without a rebound.
18:10 of 2nd period - Nicklas Backstrom wins face-off versus Lars Eller in Devils zone.
18:17 of 2nd period - Shot by Nicklas Backstrom.
18:17 of 2nd period - Stopped by Matt Murray without a rebound.
18:18 of 2nd period - Nicklas Backstrom wins face-off versus Lars Eller in Sabres zone.
18:56 of 2nd period - Shot by Erik Gustafsson.
18:56 of 2nd period - Stopped by Marc-Andre Fleury without a rebound.
18:57 of 2nd period - Elias Lindholm wins face-off versus Tyler Bozak in Devils zone.
19:13 of 2nd period - Zack Smith is hit by Rasmus Ristolainen.
19:20 of 2nd period - Elias Lindholm is hit by Zack Smith and loses puck.
19:25 of 2nd period - Shot by Ryan Nugent-Hopkins.
19:25 of 2nd period - Deflect By Elias Lindholm.
19:25 of 2nd period - Stopped by Marc-Andre Fleury without a rebound.
19:26 of 2nd period - Tyler Seguin wins face-off versus Evgeni Malkin in Devils zone.
19:39 of 2nd period - Shot by Kevin Fiala.
19:39 of 2nd period - Stopped by Marc-Andre Fleury with a rebound.
19:41 of 2nd period - Shot by Dmitry Orlov.
19:41 of 2nd period - Shot Blocked by Ryan Suter.
19:43 of 2nd period - Shot by Dmitry Orlov.
19:43 of 2nd period - Shot Blocked by T.J. Oshie.
Goals for this period are 0 for Devils vs 0 for Sabres.
Shots for this period are 7 for Devils vs 18 for Sabres.

3rd period


0:01 of 3rd period - Leon Draisaitl wins face-off versus Evgeni Malkin in neutral zone.
0:30 of 3rd period - Shot by Evgeni Malkin.
0:30 of 3rd period - Stopped by Matt Murray without a rebound.
0:31 of 3rd period - Tyler Seguin wins face-off versus Nicklas Backstrom in Sabres zone.
0:42 of 3rd period - Shot by Luke Glendening.
0:42 of 3rd period - Stopped by Marc-Andre Fleury without a rebound.
0:43 of 3rd period - Brian Boyle wins face-off versus Lars Eller in Devils zone.
1:10 of 3rd period - Adam Pelech is hit by Rocco Grimaldi and loses puck.
1:21 of 3rd period - Shot by Jonathan Drouin.
1:21 of 3rd period - Stopped by Marc-Andre Fleury without a rebound.
1:22 of 3rd period - Evgeni Malkin wins face-off versus Leon Draisaitl in Devils zone.
1:28 of 3rd period - Off-side.
1:29 of 3rd period - Evgeni Malkin wins face-off versus Leon Draisaitl in neutral zone.
1:31 of 3rd period - T.J. Oshie is hit by Rasmus Ristolainen and loses puck.
1:53 of 3rd period - Off-side.
1:54 of 3rd period - Nicklas Backstrom wins face-off versus Tyler Seguin in neutral zone.
2:03 of 3rd period - Shot by Mike Hoffman.
2:03 of 3rd period - Shot Misses the Net.
2:23 of 3rd period - Cale Makar is hit by Dmitry Orlov and loses puck.
2:31 of 3rd period - Kevin Fiala is hit by Mikhail Sergachev.
3:11 of 3rd period - Shot by Leon Draisaitl.
3:11 of 3rd period - Deflect By Ryan Nugent-Hopkins.
3:11 of 3rd period - Stopped by Marc-Andre Fleury without a rebound.
3:12 of 3rd period - Tyler Bozak wins face-off versus Nikolaj Ehlers in Devils zone.
3:39 of 3rd period - Shot by Sam Reinhart.
3:39 of 3rd period - Deflect By Tyler Bozak.
3:39 of 3rd period - Shot Hit the Post.
3:41 of 3rd period - Shot by Niklas Hjalmarsson.
3:41 of 3rd period - Shot Misses the Net.
3:43 of 3rd period - Shot by Sam Reinhart.
3:43 of 3rd period - Deflect By Tyler Bozak.
3:43 of 3rd period - Stopped by Matt Murray without a rebound.
3:44 of 3rd period - Evgeni Malkin wins face-off versus Leon Draisaitl in Sabres zone.
4:34 of 3rd period - Icing by Ryan Suter.
4:35 of 3rd period - Evgeni Malkin wins face-off versus Lars Eller in Devils zone.
4:46 of 3rd period - Shot by Jonathan Drouin.
4:46 of 3rd period - Stopped by Marc-Andre Fleury without a rebound.
4:47 of 3rd period - Kevin Fiala wins face-off versus Nicklas Backstrom in Devils zone.
5:13 of 3rd period - Nicklas Backstrom is hit by Dmitry Orlov.
5:24 of 3rd period - Nicklas Backstrom is hit by Rasmus Dahlin and loses puck.
6:01 of 3rd period - Shot by Zack Smith.
6:01 of 3rd period - Shot Blocked by Dmitry Orlov.
6:03 of 3rd period - Shot by Justin Schultz.
6:03 of 3rd period - Shot Misses the Net.
6:05 of 3rd period - Shot by Justin Schultz.
6:05 of 3rd period - Stopped by Matt Murray without a rebound.
6:06 of 3rd period - Leon Draisaitl wins face-off versus Brian Boyle in Sabres zone.
6:13 of 3rd period - Shot by Leon Draisaitl.
6:13 of 3rd period - Shot Misses the Net.
6:25 of 3rd period - Shot by Damon Severson.
6:25 of 3rd period - Shot Misses the Net.
6:50 of 3rd period - Icing by Kris Letang.
6:51 of 3rd period - Leon Draisaitl wins face-off versus Evgeni Malkin in Sabres zone.
6:51 of 3rd period - Leon Draisaitl is hit by Chris Kreider.
7:15 of 3rd period - Shot by T.J. Oshie.
7:15 of 3rd period - Shot Misses the Net.
7:17 of 3rd period - Shot by T.J. Oshie.
7:17 of 3rd period - Shot Misses the Net.
7:32 of 3rd period - Shot by Chris Kreider.
7:32 of 3rd period - Stopped by Matt Murray without a rebound.
7:33 of 3rd period - Nicklas Backstrom wins face-off versus Nic Dowd in Sabres zone.
7:33 of 3rd period - Nicklas Backstrom is hit by Rasmus Dahlin.
8:06 of 3rd period - Shot by Nicklas Backstrom.
8:06 of 3rd period - Deflect By Mike Hoffman.
8:06 of 3rd period - Shot Misses the Net.
8:08 of 3rd period - Shot by Travis Konecny.
8:08 of 3rd period - Shot Blocked by Dmitry Orlov.
8:10 of 3rd period - Shot by Nicklas Backstrom.
8:10 of 3rd period - Stopped by Matt Murray without a rebound.
8:11 of 3rd period - Tyler Bozak wins face-off versus Ryan Nugent-Hopkins in Sabres zone.
8:32 of 3rd period - Shot by Leon Draisaitl.
8:32 of 3rd period - Stopped by Marc-Andre Fleury without a rebound.
8:33 of 3rd period - Tyler Seguin wins face-off versus Evgeni Malkin in Devils zone.
8:54 of 3rd period - Shot by Evgeni Malkin.
8:54 of 3rd period - Shot Misses the Net.
8:56 of 3rd period - Shot by Evgeni Malkin.
8:56 of 3rd period - Goal by Evgeni Malkin - Devils : 2 - Sabres : 1.
8:57 of 3rd period - Nicklas Backstrom wins face-off versus Leon Draisaitl in neutral zone.
10:41 of 3rd period - Icing by Mikhail Sergachev.
10:42 of 3rd period - Evgeni Malkin wins face-off versus Jonathan Drouin in Devils zone.
10:55 of 3rd period - Dmitry Orlov is hit by Zack Smith and loses puck.
11:08 of 3rd period - Shot by Zack Smith.
11:08 of 3rd period - Stopped by Matt Murray without a rebound.
11:09 of 3rd period - Nicklas Backstrom wins face-off versus Nic Dowd in Sabres zone.
11:21 of 3rd period - Michael Grabner is hit by Damon Severson and loses puck.
11:29 of 3rd period - Nic Dowd is hit by Damon Severson and loses puck.
11:39 of 3rd period - Michael Grabner is hit by Damon Severson and loses puck.
13:15 of 3rd period - Off-side.
13:16 of 3rd period - Brian Boyle wins face-off versus Lars Eller in neutral zone.
13:49 of 3rd period - Shot by Jonathan Drouin.
13:49 of 3rd period - Goal by Jonathan Drouin - Devils : 2 - Sabres : 2.
13:50 of 3rd period - Leon Draisaitl wins face-off versus Evgeni Malkin in neutral zone.
14:07 of 3rd period - Shot by Elias Lindholm.
14:07 of 3rd period - Stopped by Marc-Andre Fleury without a rebound.
14:08 of 3rd period - Tyler Seguin wins face-off versus Nicklas Backstrom in Devils zone.
14:19 of 3rd period - Shot by Tyler Seguin.
14:19 of 3rd period - Stopped by Marc-Andre Fleury without a rebound.
14:20 of 3rd period - Elias Lindholm wins face-off versus T.J. Oshie in Devils zone.
14:28 of 3rd period - Off-side.
14:29 of 3rd period - Leon Draisaitl wins face-off versus Nicklas Backstrom in neutral zone.
15:00 of 3rd period - Kris Letang is hit by Nicklas Backstrom and loses puck.
15:08 of 3rd period - Off-side.
15:09 of 3rd period - Tyler Seguin wins face-off versus Chris Kreider in neutral zone.
16:32 of 3rd period - Icing by Ryan Suter.
16:33 of 3rd period - Tyler Bozak wins face-off versus Leon Draisaitl in Devils zone.
16:46 of 3rd period - Shot by Sam Reinhart.
16:46 of 3rd period - Deflect By Tyler Bozak.
16:46 of 3rd period - Shot Misses the Net.
16:48 of 3rd period - Shot by Zack Smith.
16:48 of 3rd period - Shot Misses the Net.
17:10 of 3rd period - Shot by Leon Draisaitl.
17:10 of 3rd period - Shot Misses the Net.
17:46 of 3rd period - Icing by Kevin Fiala.
17:47 of 3rd period - Brian Boyle wins face-off versus Kevin Fiala in Sabres zone.
19:36 of 3rd period - Icing by Ryan Suter.
19:37 of 3rd period - Ryan Nugent-Hopkins wins face-off versus Nicklas Backstrom in Devils zone.
19:44 of 3rd period - Elias Lindholm is hit by Mike Hoffman and loses puck.
Goals for this period are 1 for Devils vs 1 for Sabres.
Shots for this period are 7 for Devils vs 8 for Sabres.

Overtime #1


0:01 of 1st overtime period - Leon Draisaitl wins face-off versus Evgeni Malkin in neutral zone.
0:29 of 1st overtime period - Shot by Evgeni Malkin.
0:29 of 1st overtime period - Deflect By Nicklas Backstrom.
0:29 of 1st overtime period - Shot Misses the Net.
0:31 of 1st overtime period - Shot by Nicklas Backstrom.
0:31 of 1st overtime period - Stopped by Matt Murray with a rebound.
0:33 of 1st overtime period - Shot by Nicklas Backstrom.
0:33 of 1st overtime period - Goal by Nicklas Backstrom - Devils : 3 - Sabres : 2.
Goals for this period are 1 for Devils vs 0 for Sabres.
Shots for this period are 2 for Devils vs 0 for Sabres.